Map: Alcyone LE

Players

Moja - Winner!

  • Race: Terran Terran
  • League: Grandmaster
  • Spawn Location: 1:00

sebesdes

  • Race: Protoss Protoss
  • League: Grandmaster
  • Spawn Location: 7:00

Event: HomeStory Cup XXV

VOD

Have the link to the VOD?

Description

Time

  • Played on: June 21, 2024, 4:31 p.m.
  • Length: 12:37

All games in this series

Show
View Real Time Build Order
Export as new Build Order

Moja Terran - Winner!

Build Orders: Cyclone Opening 

Get SALT Encoding   

  12  0:00  SCV  
  13  0:12  SCV  
  14  0:17  Supply Depot  
  14  0:24  SCV  
  15  0:38  SCV  
  15  0:39  Barracks  
  15  0:42  Refinery  
  16  0:50  SCV  
  17  1:03  SCV  
  18  1:15  SCV  
  19  1:25  Marine  
  19  1:27  Orbital Command  
  20  1:44  Command Center, Barracks Reactor  
  20  1:52  SCV  
  21  1:54  Supply Depot  
  21  2:05  SCV  
  21  2:07  Factory  
  22  2:17  SCV  
  22  2:18  Refinery  
  22  2:20  Marine x2  
  25  2:29  SCV  
  26  2:37  Marine  
  26  2:38  Marine  
  26  2:41  SCV  
  29  2:53  SCV, Starport  
  29  2:56  Orbital Command  
  30  2:59  Cyclone  
  30  3:03  Marine  
  33  3:06  SCV  
  33  3:11  Marine  
  35  3:14  Supply Depot  
  35  3:18  SCV  
  36  3:21  SCV  
  36  3:23  Marine  
  38  3:29  Supply Depot  
  38  3:30  SCV  
  38  3:31  Medivac  
  41  3:35  SCV  
  42  3:43  SCV  
  42  3:46  Cyclone  
  45  3:49  SCV  
  45  3:55  SCV  
  47  3:56  Marine  
  47  3:57  Supply Depot, Marine  
  51  4:03  SCV  
  51  4:05  Starport Tech Lab  
  50  4:10  SCV  
  50  4:13  Marine  
  50  4:15  SCV, Marine  
  54  4:17  Bunker  
  54  4:22  Factory Tech Lab  
  54  4:23  Raven, SCV, Interference Matrix  
  57  4:27  Command Center  
  57  4:30  SCV  
  58  4:31  Marine  
  58  4:33  Marine  
  58  4:37  SCV  
  61  4:42  Siege Tank  
  61  4:43  Supply Depot, SCV  
  65  4:50  SCV  
  65  4:52  Marine x2  
  68  4:55  SCV  
  69  5:02  Supply Depot, SCV  
  69  5:03  Barracks  
  69  5:04  Viking  
  72  5:08  SCV  
  72  5:11  Marine  
  72  5:12  Marine  
  72  5:14  SCV  
  76  5:19  Barracks  
  76  5:22  SCV  
  76  5:24  Siege Tank  
  76  5:26  SCV, Engineering Bay  
  76  5:27  Engineering Bay  
  81  5:31  Refinery  
  81  5:32  Refinery  
  80  5:38  SCV x2  
  80  5:40  Orbital Command  
  82  5:50  SCV x2, Marine x2  
  82  5:52  Starport Reactor  
  82  5:54  Terran Infantry Weapons Level 1, Terran Infantry Armor Level 1  
  86  5:57  Marine  
  86  6:00  Orbital Command  
  86  6:02  SCV x2, Stimpack  
  89  6:06  Supply Depot  
  89  6:11  Marine x2  
  89  6:13  Combat Shield  
  89  6:14  SCV x2, Marauder  
  89  6:15  Marine  
  94  6:26  SCV x2  
  96  6:34  SCV  
  96  6:35  Medivac x2  
  96  6:36  Marine  
  96  6:38  SCV x2, Barracks  
  96  6:39  Barracks  
  104  6:41  Supply Depot  
  104  6:42  Supply Depot x2, Marauder  
  104  6:43  Marauder  
  104  6:46  SCV  
  109  6:50  Supply Depot  
  109  6:53  Armory  
  109  7:01  Refinery x2  
  109  7:02  Marine x2  
  109  7:03  SCV x2, Marauder  
  109  7:05  Marauder  
  109  7:07  SCV  
  117  7:15  SCV  
  118  7:17  Medivac x2  
  118  7:20  Marine  
  118  7:22  Marine  
  124  7:24  Marauder  
  124  7:25  SCV  
  124  7:27  Barracks Tech Lab, Barracks Reactor  
  124  7:29  SCV  
  128  7:30  Supply Depot  
  128  7:31  Marauder  
  128  7:32  Supply Depot  
  128  7:34  Supply Depot  
  130  7:38  Marine  
  130  7:40  Marine  
  130  7:42  Terran Ship Weapons Level 1  
  132  7:46  Marauder  
  132  7:48  Viking x2  
  138  7:53  Marauder  
  138  7:56  SCV  
  141  7:59  SCV x2  
  141  8:00  Ghost Academy  
  141  8:01  Command Center  
  141  8:03  Marine  
  141  8:04  Marine x3  
  147  8:06  Marauder  
  147  8:09  SCV  
  147  8:11  Supply Depot  
  150  8:15  SCV x2, Terran Infantry Armor Level 2, Terran Infantry Weapons Level 2  
  152  8:21  SCV  
  152  8:24  Viking x2  
  157  8:29  Marine x4  
  157  8:31  Marauder  
  157  8:33  Marauder  
  167  8:35  Supply Depot  
  167  8:36  Supply Depot x2  
  167  8:46  SCV, Marine  
  169  8:50  SCV x2  
  169  8:52  Barracks x2  
  169  8:53  Barracks  
  171  8:58  SCV, Unknown  
  171  8:59  Viking x2  
  171  9:08  Marine x2  
  175  9:20  Marine x2  
  154  9:25  Marine  
  154  9:26  Marine  
  146  9:37  Unknown x3, Marine, Marauder  
  146  9:38  Marine x2, Marauder x2  
  140  9:42  Marine x2  
  140  9:43  Marine x2  
  141  9:54  Concussive Shells  
  141  9:55  Marine  
  141  9:56  SCV, Marine  
  141  9:57  SCV  
  141  9:59  Marauder x3  
  150  10:01  Marine x2  
  150  10:02  Marine x2  
  154  10:08  Terran Ship Weapons Level 2  
  154  10:10  Marine  
  154  10:11  SCV x3  
  158  10:18  Marine, Viking  
  158  10:19  Viking  
  158  10:20  Marauder x2  
  167  10:21  Barracks Tech Lab  
  167  10:22  Barracks Tech Lab  
  167  10:23  Starport  
  167  10:27  Planetary Fortress  
  169  10:31  Missile Turret  
  169  10:32  Marine  
  170  10:42  Marauder  
  172  10:44  Barracks Tech Lab  
  172  10:46  Marine x2  
  178  10:51  Unknown, Liberator  
  180  11:00  Missile Turret  
  169  11:08  Marine x2, Marauder x2  
  168  11:13  Marine, Missile Turret  
  168  11:14  Marauder  
  168  11:15  Unknown x2  
  167  11:30  Marine, Marauder  
  167  11:31  Marine  
  167  11:32  Marauder  
  168  11:37  Marine  
  168  11:38  Marauder  
  163  11:42  Marine  
  163  11:46  Marine, Marauder  
  164  11:47  Medivac x2  
  164  11:53  Marine, Marauder  
  164  11:54  Medivac  
  173  11:58  Marine, Marauder  
  176  12:04  Marine x5  
  176  12:08  Refinery  
  181  12:09  Marine, Refinery  
  181  12:11  Marine  
Show
View Real Time Build Order
Export as new Build Order

sebesdes Protoss 

Build Orders: 1 Gate Expand, Blink Stalkers, Colossus Rush 

Get SALT Encoding   

  12  0:00  Probe  
  13  0:12  Probe  
  14  0:17  Pylon  
  14  0:24  Probe (Chrono Boost)  
  15  0:36  Probe (Chrono Boost)  
  15  0:37  Gateway  
  16  0:44  Probe (Chrono Boost)  
  16  0:46  Assimilator  
  17  0:50  Probe  
  18  1:03  Probe  
  19  1:15  Probe  
  20  1:24  Cybernetics Core  
  20  1:32  Nexus  
  20  1:35  Probe  
  21  1:42  Pylon  
  21  1:47  Probe  
  21  1:50  Assimilator  
  22  1:58  Adept (Chrono Boost)  
  22  1:59  Probe  
  25  2:03  Warp Gate  
  25  2:11  Probe  
  26  2:20  Twilight Council  
  26  2:23  Adept (Chrono Boost)  
  26  2:24  Probe  
  30  2:37  Probe (Chrono Boost)  
  30  2:39  Gateway  
  30  2:45  Probe (Chrono Boost)  
  32  2:53  Probe (Chrono Boost)  
  32  2:54  Blink (Chrono Boost), Probe (Chrono Boost)  
  33  3:00  Probe  
  33  3:03  Probe  
  35  3:12  Probe  
  36  3:15  Probe  
  36  3:18  Robotics Facility  
  37  3:24  Probe  
  38  3:27  Probe  
  38  3:29  Gateway  
  38  3:31  Pylon  
  39  3:36  Probe  
  39  3:39  Probe  
  41  3:48  Probe  
  41  3:51  Stalker x2  
  46  3:56  Probe  
  46  3:57  Pylon  
  47  4:06  Observer  
  47  4:08  Nexus  
  48  4:14  Stalker  
  48  4:15  Stalker  
  52  4:22  Shield Battery  
  52  4:32  Zealot  
  54  4:39  Probe  
  54  4:43  Pylon  
  54  4:44  Stalker x2  
  59  4:48  Probe  
  59  4:50  Assimilator, Robotics Bay  
  59  4:52  Gateway  
  60  4:53  Probe  
  61  5:05  Zealot  
  63  5:13  Probe (Chrono Boost)  
  65  5:14  Probe (Chrono Boost)  
  65  5:17  Assimilator  
  65  5:23  Probe (Chrono Boost)  
  65  5:26  Probe (Chrono Boost)  
  65  5:27  Probe (Chrono Boost)  
  68  5:33  Probe (Chrono Boost)  
  71  5:35  Probe (Chrono Boost)  
  71  5:36  Probe (Chrono Boost)  
  71  5:38  Colossus (Chrono Boost)  
  71  5:40  Probe (Chrono Boost)  
  71  5:41  Probe (Chrono Boost)  
  78  5:42  Probe (Chrono Boost)  
  78  5:44  Extended Thermal Lance  
  80  5:50  Probe  
  80  5:52  Gateway  
  80  5:53  Probe  
  80  5:55  Gateway  
  80  5:57  Charge (Chrono Boost)  
  81  5:58  Probe, Pylon  
  81  6:02  Pylon, Probe  
  83  6:05  Probe  
  83  6:10  Gateway, Probe  
  85  6:11  Gateway  
  85  6:16  Pylon  
  85  6:17  Pylon  
  85  6:21  Colossus (Chrono Boost)  
  91  6:26  Probe  
  91  6:28  Zealot x3  
  91  6:29  Probe  
  100  6:32  Probe  
  100  6:38  Nexus  
  100  6:39  Sentry  
  102  6:41  Probe x2  
  102  6:43  Pylon  
  104  6:47  Probe  
  104  6:51  Sentry  
  104  6:53  Probe  
  104  6:54  Probe  
  109  6:55  Zealot x2  
  109  6:56  Pylon  
  109  6:58  Zealot  
  115  7:02  Shield Battery  
  115  7:03  Colossus (Chrono Boost)  
  121  7:10  Probe  
  121  7:11  Forge  
  121  7:14  Forge  
  121  7:15  Probe  
  123  7:19  Probe  
  124  7:23  Probe  
  124  7:24  Pylon  
  124  7:25  Zealot x2  
  129  7:30  Pylon  
  129  7:32  Shield Battery  
  129  7:33  Pylon  
  129  7:36  Probe  
  130  7:44  Stalker x2  
  130  7:45  Colossus  
  138  7:55  Zealot x5  
  145  8:00  Zealot, Protoss Ground Armor Level 1 (Chrono Boost), Protoss Ground Weapons Level 1 (Chrono Boost)  
  147  8:08  Probe x3  
  148  8:16  Probe  
  148  8:18  Stalker x2  
  153  8:20  Probe  
  153  8:21  Photon Cannon  
  153  8:24  Assimilator  
  154  8:30  Probe  
  154  8:33  Photon Cannon  
  155  8:36  Zealot x6  
  155  8:40  Disruptor  
  171  8:42  Robotics Facility  
  171  8:49  Assimilator  
  163  9:04  Zealot x4  
  163  9:07  Probe  
  163  9:09  Dark Shrine  
  172  9:12  Pylon  
  172  9:14  Pylon  
  172  9:16  Warp Prism  
  132  9:28  Stalker x2  
  132  9:29  Zealot x6  
  134  9:35  Probe  
  121  9:39  Protoss Ground Armor Level 2 (Chrono Boost), Protoss Ground Weapons Level 2 (Chrono Boost)  
  121  9:41  Disruptor (Chrono Boost)  
  115  9:49  Zealot x6  
  115  9:51  Disruptor (Chrono Boost)  
  127  9:56  Zealot x2  
  131  10:02  Gateway  
  131  10:06  Gateway  
  131  10:08  Gateway  
  131  10:11  Gateway  
  131  10:12  Stalker x2, Nexus  
  131  10:13  Zealot, Pylon  
  131  10:14  Zealot x3  
  145  10:27  Photon Cannon  
  145  10:29  Pylon, Photon Cannon  
  145  10:30  Disruptor (Chrono Boost), Colossus (Chrono Boost)  
  145  10:34  Dark Templar x3  
  157  10:39  Stalker x2  
  157  10:40  Zealot x3  
  166  10:46  Pylon  
  166  10:54  Probe  
  165  10:57  Disruptor  
  167  11:07  Stalker x5  
  173  11:12  Stalker x2  
  173  11:13  Zealot x2  
  179  11:21  Dark Templar  
  179  11:23  Zealot x2  
  179  11:25  Disruptor  
  189  11:31  Zealot x2  
  169  11:34  Zealot x3  
  169  11:35  Disruptor  
  169  11:39  Zealot x3  
  116  11:47  Zealot x3  
  115  11:57  Dark Templar  
  115  11:59  Zealot x2  
  115  12:00  Zealot x4  
  130  12:09  Nexus  
  123  12:25  Zealot x2  
Tags
 
Add a new tag
Caveats
  • Supply blocks, unpowered buildings, or Contaminate may cause inaccurate times.
  • Supply counts are checked every 10 seconds.